 Dungeon Crawl Stone Soup version 0.28.0-49-g6dfe1f597d (webtiles) character file.

Game seed: 12557316916866328571

21 pbellow the Skirmisher (level 2, -1/27 HPs)
             Began as a Hill Orc Fighter on May 15, 2022.
             Slain by a hobgoblin (3 damage)
             ... on level 2 of the Dungeon.
             The game lasted 00:01:52 (870 turns).

pbellow the Skirmisher (Hill Orc Fighter)            Turns: 870, Time: 00:01:54

Health: -1/27      AC:  6    Str: 18    XL:     2   Next: 87%
Magic:  2/2        EV:  9    Int:  8    God:
Gold:   97         SH:  4    Dex: 10    Spells: 1/1 levels left

rFire   . . .      SeeInvis .   a - +0 war axe
rCold   . . .      Faith    .   c - +0 buckler
rNeg    . . .      Spirit   .   b - +0 scale mail
rPois   .          Reflect  .   (no helmet)
rElec   .          Harm     .   k - scarf {shadows}
rCorr   .          Rampage  .   (no gloves)
Will    .....                   (no boots)
Stlth   ..........              (no amulet)
HPRegen 0.09/turn               (no ring)
MPRegen 0.08/turn               (no ring)

@: no status effects
A: no striking features
a: no special abilities


You were on level 2 of the Dungeon.
You visited 1 branch of the dungeon, and saw 2 of its levels.

You collected 97 gold pieces.

Inventory:

Hand Weapons
 a - a +0 war axe (weapon)
Armour
 b - a +0 scale mail (worn)
 c - a +0 buckler (worn)
 k - a scarf of shadows (worn)
Jewellery
 m - a ring of willpower
Scrolls
 f - a scroll of blinking {unknown}
 g - a scroll of acquirement {unknown}
 h - a scroll of fear {unknown}
 j - a scroll of teleportation {unknown}
 l - a scroll of fog {unknown}
 n - a scroll of enchant weapon {unknown}
Potions
 d - a potion of might
 e - a potion of brilliance {unknown}
 i - 2 potions of curing {unknown}


   Skills:
 + Level 4.0 Fighting
 + Level 3.1 Axes
 + Level 3.6 Armour
 + Level 0.1 Dodging
 + Level 3.5 Shields


You had one spell level left.
You didn't know any spells.
Your spell library was empty.

Dungeon Overview and Level Annotations

Branches:
Dungeon (2/15)

Altars:

Annotations:
D:2 Natasha


Message History

You block the hobgoblin's attack.
You hit the hobgoblin.
The hobgoblin is almost dead.
The hobgoblin hits you.
You hit the hobgoblin.
You kill the hobgoblin!
Your Fighting skill increases to level 4!
You see here a hobgoblin corpse.
n - a scroll labelled JECREULORU
i - 2 coppery potions (gained 1) Natasha and a hobgoblin come into view.
The hobgoblin shouts!
A quokka comes into view.
You see here 13 gold pieces.
There are monsters nearby!
Natasha claws you.
You slash Natasha!
Natasha is heavily wounded.
Natasha completely misses you. You block the quokka's attack.
You barely miss Natasha.
Natasha is heavily wounded.
You barely miss the quokka.
Natasha stares at you and mumbles some strange words.
The magic dart hits you.
The quokka bites you but does no damage.
Natasha claws you! The hobgoblin hits you.
Found a golden potion.
The quokka bites you but does no damage.
You slash the quokka!
You kill the quokka!
Natasha casts a spell.
The hobgoblin hits you but does no damage.
You barely miss the hobgoblin. The hobgoblin barely misses you.
You closely miss the hobgoblin.
The hobgoblin hits you but does no damage.
Natasha casts a spell at you. The magic dart hits you!
* * * LOW HITPOINT WARNING * * *
The hobgoblin hits you.
You die...

.#...#.#.# ######..###
........# #.........
#......#######.###...##
#....................#
#......####.#..###..##
#.....$####.#..# #..#
#...##.5.........# #..#
.. ###gh............#
#@###..#.#.#...
#............
...##..#.#.#.
##.###......# #.#
#.##.### .!. ...


You could see an iron imp (summoned), Natasha and a hobgoblin.

Vanquished Creatures
  2 dart slugs (D:1)
  2 endoplasms (D:1)
  A goblin (D:1)
  4 hobgoblins
  A kobold (D:1)
  A quokka (D:2)
  3 bats (D:1)
  A frilled lizard (D:1)
  A rat (D:1)
16 creatures vanquished.

Notes
Turn   | Place    | Note
-------+----------+-------------------------------------------
     0 | D:1      | pbellow the Hill Orc Fighter began the quest for the Orb.
     0 | D:1      | Reached XP level 1. HP: 19/19 MP: 1/1
   252 | D:1      | Reached XP level 2. HP: 27/27 MP: 2/2
   835 | D:2      | Reached skill level 4 in Fighting
   860 | D:2      | Noticed Natasha
   870 | D:2      | Slain by a hobgoblin

Illustrated notes

Levels and vault maps discovered:
D:1:      dpeg_arrival_more_subterranean_lakeside_camping, layout_loops_cross
D:2:      wad_river_or_something, layout_loops_ring, minivault_5, uniq_natasha

Skill      XL: |  1  2 |
---------------+-------+-----
Axes           | 3 |  3.1
Fighting       | 4 |  4.0
Armour         | |  3.6
Dodging        | |  0.1
Shields        | |  3.5

Action                   || total
-------------------------++-------
Melee: War axe           ||    45
Armor: Scale mail        ||    33
Dodge: Dodged            ||    30
Block: Buckler           ||    14
